Canadiens vs Flyers
Created - 19 novembre 2014 at 22:44
Goals
|
| Canadiens |
1 |
1 |
0 |
2 |
| Flyers |
1 |
2 |
0 |
3 |
|
Shots
|
| Canadiens |
6 |
13 |
9 |
28 |
| Flyers |
15 |
10 |
4 |
29 |
|
1st period
1. Canadiens , Mike York 7 (Saku Koivu, Dennis Wideman) at 3:34
2. Flyers , Ryane Clowe 7 (Jeff O'Neill, Jonathan Ericsson) at 19:27
Penalties :
Derek Boogaard (Phi) for Hooking (Minor) at 5:27, Josh Gorges (Mon) for Interference (Minor) at 12:35
2nd period
3. Flyers , Martin St. Louis 9 (Jonathan Ericsson, Jeff Carter) at 2:11
4. Flyers , Jeff Carter 9 (Martin St. Louis) at 7:40
5. Canadiens , Marek Svatos 12 (Patrick Marleau, Mike Ribeiro) at 14:14 (PP)
Penalties :
Jeff Carter (Phi) for Roughing (Minor) at 4:19, Matthew Lombardi (Phi) for Holding (Minor) at 14:03, Paul Gaustad (Phi) for Holding (Minor) at 14:50, Derek Boogaard (Phi) for Fighting (Major) at 19:00, Brett Clark (Mon) for Fighting (Major) at 19:00
3rd period
No Goal
Penalties :
Mike York (Mon) for Roughing (Minor) at 12:12
Goalie Stats
Miika Kiprusoff (Mon), 26 saves from 29 shots - (0,897), L, 7-7-2, 59:32 minutes
Antti Niemi (Phi), 26 saves from 28 shots - (0,929), W, 9-6-4, 60:00 minutes
Players Stats for Canadiens
Player Name G A P +/- PIM S H SB GA TA FO MP PP MP PK MP
------------------------------------------------------------------------------------
Brett Clark 0 0 0 0 5 0 2 3 0 1 0/0 24:17 3:39 2:16
Cody Franson 0 0 0 -1 0 0 2 1 0 0 0/0 12:48 0:00 0:48
Dennis Wideman 0 1 1 0 0 1 1 1 0 1 0/0 27:17 3:39 2:16
Devin Setoguchi 0 0 0 -1 0 2 0 0 0 0 0/0 8:38 0:00 0:00
Jamie Lundmark 0 0 0 -1 0 2 0 1 0 0 0/3 9:37 0:00 0:31
Josh Gorges 0 0 0 -1 2 2 1 1 0 0 0/0 19:58 2:29 0:54
Marek Svatos 1 0 1 0 0 4 2 0 0 0 1/3 20:32 3:18 0:00
Matt Carle 0 0 0 -1 0 0 1 1 0 0 0/0 14:59 0:00 0:00
Michel Ouellet 0 0 0 -1 0 2 0 2 1 0 0/1 10:27 0:00 0:00
Mike Ribeiro 0 1 1 0 0 1 2 0 2 0 14/26 22:50 3:18 1:50
Mike York 1 0 1 0 2 2 2 0 3 0 0/0 16:42 2:50 0:46
Nicklas Lidstrom 0 0 0 -1 0 0 1 3 0 0 0/0 20:43 2:29 1:42
Patrick Marleau 0 1 1 0 0 4 2 0 2 0 2/3 22:22 3:18 1:49
Pierre-Luc Létourneau 0 0 0 -1 0 0 0 0 0 1 1/1 12:10 0:00 1:43
Pierre-Marc Bouchard 0 0 0 -1 0 3 1 0 0 0 2/4 10:51 0:00 0:00
Radim Vrbata 0 0 0 0 0 2 1 1 0 0 0/0 15:56 2:50 0:00
Riley Cote 0 0 0 -1 0 0 0 0 0 0 0/0 8:56 0:00 0:18
Saku Koivu 0 1 1 0 0 3 0 0 0 0 9/19 16:56 2:50 0:59
Players Stats for Flyers
Player Name G A P +/- PIM S H SB GA TA FO MP PP MP PK MP
------------------------------------------------------------------------------------
Derek Boogaard 0 0 0 2 7 0 3 1 0 0 1/1 16:29 0:01 1:00
Eric Brewer 0 0 0 1 0 1 2 0 0 1 0/0 25:25 1:34 2:37
Jeff Carter 1 1 2 2 2 3 0 0 0 0 15/28 19:35 2:10 1:27
Jeff O'Neill 0 1 1 1 0 1 3 0 1 0 4/7 15:10 1:47 0:47
Jonathan Ericsson 0 2 2 1 0 2 2 2 0 3 0/0 25:28 2:24 3:31
Ladislav Smid 0 0 0 0 0 1 4 2 0 1 0/0 28:38 0:00 2:37
Martin St. Louis 1 1 2 2 0 5 1 0 1 1 4/6 22:05 2:10 2:51
Matthew Lombardi 0 0 0 0 2 1 3 0 0 1 1/4 12:30 0:01 3:03
Michael Ryder 0 0 0 1 0 4 2 0 0 0 0/1 13:46 0:01 0:00
Miroslav Satan 0 0 0 -1 0 3 0 0 0 0 1/1 13:16 1:47 0:00
Pascal Dupuis 0 0 0 0 0 2 1 0 0 0 0/0 10:28 0:00 1:52
Paul Gaustad 0 0 0 -1 2 0 1 0 0 0 5/11 15:08 0:00 1:03
Petr Schastlivy 0 0 0 0 0 0 1 0 0 0 0/0 7:23 0:00 0:13
Ryane Clowe 1 0 1 1 0 1 1 2 0 0 0/0 14:18 1:47 0:00
Scott Hannan 0 0 0 -1 0 0 0 0 0 0 0/0 10:14 0:00 0:00
Scott Hartnell 0 0 0 -1 0 2 2 0 0 0 0/1 13:39 2:10 0:00
Stephane Robidas 0 0 0 3 0 3 1 1 1 1 0/0 22:08 2:24 0:00
Trevor Daley 0 0 0 0 0 0 0 1 0 0 0/0 8:07 1:34 3:31
3 Stars
1 - Martin St. Louis (Phi)
2 - Jeff Carter (Phi)
3 - Jonathan Ericsson (Phi)
Power Play
Canadiens - 1 on 4 Attempt(s) - 25,00%
Flyers - 0 on 2 Attempt(s) - 0,00%
Penalty Kill
Canadiens - 2 on 2 Attempt(s) - 100,00%
- Score 0 goal in Penalty Kill
Flyers - 3 on 4 Attempt(s) - 75,00%
- Score 0 goal in Penalty Kill
Official
Referees : L'Ecuyer Frederick and Meier Brad
Linesman : David Brisebois and Brian Murphy
Game Notes
Derek Boogaard beats up Brett Clark at 19:00 of 2nd period
Finance
Level 1 -- Attendance: 5135 (85,58%) -- Ticket Income 436 475 $
Level 2 -- Attendance: 4483 (89,66%) -- Ticket Income 224 150 $
Level 3 -- Attendance: 1809 (90,45%) -- Ticket Income 54 270 $
Level 4 -- Attendance: 3956 (98,90%) -- Ticket Income 79 120 $
Luxury Box -- Attendance: 893 (89,30%) -- Ticket Income 147 345 $
Game was played at the Wells Fargo Center
Total Attendance: 16276 (90,42%)
Total Ticket Income: 941 360 $
Other Income: 141 204 $
Total Income: 1 082 564 $
Canadiens
5 vs 5 Forward
Center Left Wing Right Wing Time % Phy DF OF
1 Mike Ribeiro Patrick Marleau Marek Svatos 40 1 2 2
2 Saku Koivu Mike York Radim Vrbata 30 1 2 2
3 Pierre-Marc Bouchard Pierre-Luc Létourneau Michel Ouellet 20 1 2 2
4 Jamie Lundmark Riley Cote Devin Setoguchi 10 1 2 2
5 vs 5 Defense
Defense Defense Time % Phy DF OF
1 Dennis Wideman Brett Clark 40 1 2 2
2 Nicklas Lidstrom Josh Gorges 30 1 2 2
3 Matt Carle Cody Franson 20 1 2 2
4 Dennis Wideman Brett Clark 10 1 2 2
PowerPlay Forward
Center Left Wing Right Wing Time % Phy DF OF
1 Mike Ribeiro Patrick Marleau Marek Svatos 60 1 2 2
2 Saku Koivu Mike York Radim Vrbata 40 1 2 2
PowerPlay Defense
Defense Defense Time % Phy DF OF
1 Dennis Wideman Brett Clark 60 1 2 2
2 Nicklas Lidstrom Josh Gorges 40 1 2 2
Penalty Kill 4 Players Forward
Center Wing Time % Phy DF OF
1 Patrick Marleau Mike Ribeiro 60 1 2 2
2 Saku Koivu Mike York 40 1 2 2
Penalty Kill 4 Players Defense
Defense Defense Time % Phy DF OF
1 Dennis Wideman Brett Clark 60 1 2 2
2 Nicklas Lidstrom Josh Gorges 40 1 2 2
Penalty Kill - 3 Players Forward
Forward Time % Phy DF OF
1 Patrick Marleau 60 1 2 2
2 Mike Ribeiro 40 1 2 2
Penalty Kill - 3 Players Defense
Defense Defense Time % Phy DF OF
1 Dennis Wideman Brett Clark 60 1 2 2
2 Nicklas Lidstrom Josh Gorges 40 1 2 2
4 vs 4 Forward
Center Wing Time % Phy DF OF
1 Patrick Marleau Mike Ribeiro 60 1 2 2
2 Saku Koivu Mike York 40 1 2 2
4 vs 4 Defense
Defense Defense Time % Phy DF OF
1 Dennis Wideman Brett Clark 60 1 2 2
2 Nicklas Lidstrom Josh Gorges 40 1 2 2
Last Minutes Offensive
Center Left Wing Right Wing Defense Defense
Mike Ribeiro Patrick Marleau Marek Svatos Dennis Wideman Brett Clark
Last Minutes Defensive
Center Left Wing Right Wing Defense Defense
Mike Ribeiro Patrick Marleau Marek Svatos Dennis Wideman Brett Clark
Goaltenders
Starting : Miika Kiprusoff
Backup : Jaroslav Halak
Extra Forwards
Normal : Pierre-Marc Bouchard, Michel Ouellet, Pierre-Luc Létourneau - PP : Pierre-Marc Bouchard, Michel Ouellet - PK : Pierre-Luc Létourneau
Extra Defensemen
Normal : Matt Carle, Cody Franson, Nicklas Lidstrom - PP : Matt Carle - PK : Cody Franson, Nicklas Lidstrom
Penalty Shots
Patrick Marleau, Mike Ribeiro, Saku Koivu, Mike York, Marek Svatos
Flyers
5 vs 5 Forward
Center Left Wing Right Wing Time % Phy DF OF
1 Jeff Carter Derek Boogaard Martin St. Louis 40 1 2 2
2 Paul Gaustad Scott Hartnell Miroslav Satan 30 1 2 2
3 Jeff O'Neill Ryane Clowe Michael Ryder 20 1 2 2
4 Matthew Lombardi Petr Schastlivy Pascal Dupuis 10 1 2 2
5 vs 5 Defense
Defense Defense Time % Phy DF OF
1 Stephane Robidas Jonathan Ericsson 35 1 2 2
2 Eric Brewer Ladislav Smid 35 1 2 2
3 Ladislav Smid Scott Hannan 20 1 2 2
4 Stephane Robidas Eric Brewer 10 1 2 2
PowerPlay Forward
Center Left Wing Right Wing Time % Phy DF OF
1 Jeff Carter Scott Hartnell Martin St. Louis 60 1 2 2
2 Jeff O'Neill Ryane Clowe Miroslav Satan 40 1 2 2
PowerPlay Defense
Defense Defense Time % Phy DF OF
1 Stephane Robidas Jonathan Ericsson 60 1 2 2
2 Trevor Daley Eric Brewer 40 1 2 2
Penalty Kill 4 Players Forward
Center Wing Time % Phy DF OF
1 Martin St. Louis Matthew Lombardi 60 1 2 2
2 Paul Gaustad Pascal Dupuis 40 1 2 2
Penalty Kill 4 Players Defense
Defense Defense Time % Phy DF OF
1 Trevor Daley Jonathan Ericsson 60 1 2 2
2 Ladislav Smid Eric Brewer 40 1 2 2
Penalty Kill - 3 Players Forward
Forward Time % Phy DF OF
1 Martin St. Louis 60 1 2 2
2 Matthew Lombardi 40 1 2 2
Penalty Kill - 3 Players Defense
Defense Defense Time % Phy DF OF
1 Trevor Daley Jonathan Ericsson 60 1 2 2
2 Ladislav Smid Eric Brewer 40 1 2 2
4 vs 4 Forward
Center Wing Time % Phy DF OF
1 Martin St. Louis Jeff Carter 60 1 2 2
2 Jeff O'Neill Michael Ryder 40 1 2 2
4 vs 4 Defense
Defense Defense Time % Phy DF OF
1 Stephane Robidas Jonathan Ericsson 60 1 2 2
2 Trevor Daley Eric Brewer 40 1 2 2
Last Minutes Offensive
Center Left Wing Right Wing Defense Defense
Jeff Carter Scott Hartnell Martin St. Louis Stephane Robidas Eric Brewer
Last Minutes Defensive
Center Left Wing Right Wing Defense Defense
Martin St. Louis Matthew Lombardi Pascal Dupuis Ladislav Smid Jonathan Ericsson
Goaltenders
Starting : Antti Niemi
Backup : Chris Mason
Extra Forwards
Normal : Jeff Carter, Paul Gaustad, Martin St. Louis - PP : Jeff Carter, Miroslav Satan - PK : Matthew Lombardi
Extra Defensemen
Normal : Jonathan Ericsson, Stephane Robidas, Eric Brewer - PP : Stephane Robidas - PK : Jonathan Ericsson, Ladislav Smid
Penalty Shots
Jeff Carter, Martin St. Louis, Jeff O'Neill, Miroslav Satan, Matthew Lombardi
% Time on Ice - Canadiens
Lines # - Real PCT - Wanted PCT - Time Play
Normal Forward
1 - 34% - 40% - 16:34
2 - 27% - 30% - 13:07
3 - 21% - 20% - 10:27
4 - 18% - 10% - 8:38
Normal Defense
1 - 39% - 40% - 19:07
2 - 32% - 30% - 15:24
3 - 25% - 20% - 12:00
4 - 5% - 10% - 2:15
PP Forward
1 - 54% - 60% - 3:18
2 - 46% - 40% - 2:50
PP Defense
1 - 60% - 60% - 3:39
2 - 40% - 40% - 2:29
PK Forward
1 - 75% - 60% - 2:59
2 - 25% - 40% - 0:59
PK Defense
1 - 57% - 60% - 2:16
2 - 43% - 40% - 1:42
PK3 Forward
1 - 0% - 60%
2 - 0% - 40%
PK3 Defense
1 - 0% - 60%
2 - 0% - 40%
44 Forward
1 - 0% - 60%
2 - 0% - 40%
44 Defense
1 - 0% - 60%
2 - 0% - 40%
Last Minute Offensive - 1:08
Last Minute Defensive - 0:00
Total
Forward - 60:00
Defense - 60:00
|
% Time on Ice - Flyers
Lines # - Real PCT - Wanted PCT - Time Play
Normal Forward
1 - 35% - 40% - 17:18
2 - 25% - 30% - 12:03
3 - 26% - 20% - 12:31
4 - 14% - 10% - 6:57
Normal Defense
1 - 37% - 35% - 17:58
2 - 35% - 35% - 16:56
3 - 21% - 20% - 10:09
4 - 8% - 10% - 3:46
PP Forward
1 - 55% - 60% - 2:11
2 - 45% - 40% - 1:47
PP Defense
1 - 61% - 60% - 2:24
2 - 39% - 40% - 1:34
PK Forward
1 - 70% - 60% - 4:16
2 - 30% - 40% - 1:52
PK Defense
1 - 57% - 60% - 3:31
2 - 43% - 40% - 2:37
PK3 Forward
1 - 0% - 60%
2 - 0% - 40%
PK3 Defense
1 - 0% - 60%
2 - 0% - 40%
44 Forward
1 - 0% - 60%
2 - 0% - 40%
44 Defense
1 - 0% - 60%
2 - 0% - 40%
Last Minute Offensive - 0:00
Last Minute Defensive - 1:05
Total
Forward - 60:00
Defense - 60:00
|
Play by Play
1st period
0:01 of 1st period - Derek Boogaard wins face-off versus Marek Svatos in neutral zone.
0:15 of 1st period - Snap shot by Mike Ribeiro.
0:15 of 1st period - Shot Misses the Net.
0:25 of 1st period - Radim Vrbata is hit by Scott Hartnell.
1:08 of 1st period - Nicklas Lidstrom is hit by Ladislav Smid.
1:34 of 1st period - Ladislav Smid is hit by Mike Ribeiro and loses puck.
2:19 of 1st period - Snap shot by Michael Ryder.
2:19 of 1st period - Shot Misses the Net.
2:58 of 1st period - Josh Gorges is hit by Stephane Robidas and loses puck.
3:34 of 1st period - Snap shot by Mike York.
3:34 of 1st period - Goal by Mike York - Canadiens : 1 - Flyers : 0.
3:35 of 1st period - Mike Ribeiro wins face-off versus Jeff Carter in neutral zone.
3:45 of 1st period - Slapshot by Patrick Marleau.
3:45 of 1st period - Shot Blocked by Jonathan Ericsson.
3:47 of 1st period - Snap shot by Patrick Marleau.
3:47 of 1st period - Deflect By Mike Ribeiro.
3:47 of 1st period - Stopped by Antti Niemi with a rebound.
4:06 of 1st period - Slapshot by Nicklas Lidstrom.
4:06 of 1st period - Shot Misses the Net.
4:08 of 1st period - Snap shot by Radim Vrbata.
4:08 of 1st period - Stopped by Antti Niemi without a rebound.
4:09 of 1st period - Mike Ribeiro wins face-off versus Jeff O'Neill in Flyers zone.
4:20 of 1st period - Backhand shot by Jeff O'Neill.
4:20 of 1st period - Stopped by Miika Kiprusoff without a rebound.
4:21 of 1st period - Jeff Carter wins face-off versus Mike Ribeiro in Canadiens zone.
4:29 of 1st period - Icing by Martin St. Louis.
4:30 of 1st period - Mike Ribeiro wins face-off versus Jeff Carter in Flyers zone.
4:31 of 1st period - Snap shot by Patrick Marleau.
4:31 of 1st period - Stopped by Antti Niemi with a rebound.
4:33 of 1st period - Wrist shot by Mike Ribeiro.
4:33 of 1st period - Shot Misses the Net.
4:35 of 1st period - Wrist shot by Patrick Marleau.
4:35 of 1st period - Shot Misses the Net.
4:37 of 1st period - Snap shot by Patrick Marleau.
4:37 of 1st period - Shot Misses the Net.
5:27 of 1st period - Minor Penalty to Derek Boogaard for Hooking.
5:28 of 1st period - Martin St. Louis wins face-off versus Saku Koivu in Flyers zone.
5:43 of 1st period - Snap shot by Saku Koivu.
5:43 of 1st period - Stopped by Antti Niemi with a rebound.
6:27 of 1st period - Icing by Marek Svatos.
6:28 of 1st period - Mike Ribeiro wins face-off versus Matthew Lombardi in Canadiens zone.
7:27 of 1st period - Penalty to Derek Boogaard is over, Derek Boogaard is back on ice.
7:33 of 1st period - Slapshot by Dennis Wideman.
7:33 of 1st period - Shot Blocked by Jonathan Ericsson.
7:39 of 1st period - Dennis Wideman is hit by Pascal Dupuis and loses puck.
7:58 of 1st period - Wrist shot by Pascal Dupuis.
7:58 of 1st period - Stopped by Miika Kiprusoff with a rebound.
8:00 of 1st period - Snap shot by Jonathan Ericsson.
8:00 of 1st period - Deflect By Brett Clark.
8:00 of 1st period - Stopped by Miika Kiprusoff without a rebound.
8:01 of 1st period - Jeff O'Neill wins face-off versus Jamie Lundmark in Canadiens zone.
8:04 of 1st period - Snap shot by Jeff O'Neill.
8:04 of 1st period - Shot Misses the Net.
8:12 of 1st period - Snap shot by Ryane Clowe.
8:12 of 1st period - Shot Misses the Net.
8:28 of 1st period - Josh Gorges is hit by Derek Boogaard and loses puck.
8:47 of 1st period - Snap shot by Miroslav Satan.
8:47 of 1st period - Stopped by Miika Kiprusoff with a rebound.
9:07 of 1st period - Snap shot by Pierre-Marc Bouchard.
9:07 of 1st period - Stopped by Antti Niemi with a rebound.
9:23 of 1st period - Snap shot by Jeff O'Neill.
9:23 of 1st period - Shot Blocked by Nicklas Lidstrom.
9:26 of 1st period - Icing by Josh Gorges.
9:27 of 1st period - Jeff Carter wins face-off versus Jamie Lundmark in Canadiens zone.
9:36 of 1st period - Snap shot by Jeff Carter.
9:36 of 1st period - Shot Misses the Net.
10:06 of 1st period - Slapshot by Nicklas Lidstrom.
10:06 of 1st period - Deflect By Devin Setoguchi.
10:06 of 1st period - Shot Blocked by Ryane Clowe.
10:06 of 1st period - Puck is out of play.
10:07 of 1st period - Paul Gaustad wins face-off versus Saku Koivu in Flyers zone.
10:37 of 1st period - Martin St. Louis is hit by Cody Franson and loses puck.
10:56 of 1st period - Jeff O'Neill is hit by Patrick Marleau and loses puck.
11:14 of 1st period - Brett Clark is hit by Jeff O'Neill and loses puck.
12:23 of 1st period - Snap shot by Miroslav Satan.
12:23 of 1st period - Stopped by Miika Kiprusoff without a rebound.
12:24 of 1st period - Jeff Carter wins face-off versus Saku Koivu in Canadiens zone.
12:31 of 1st period - Snap shot by Martin St. Louis.
12:31 of 1st period - Stopped by Miika Kiprusoff with a rebound.
12:33 of 1st period - Snap shot by Derek Boogaard.
12:33 of 1st period - Shot Misses the Net.
12:35 of 1st period - Minor Penalty to Josh Gorges for Interference.
12:36 of 1st period - Patrick Marleau wins face-off versus Jeff Carter in Canadiens zone.
12:47 of 1st period - Snap shot by Martin St. Louis.
12:47 of 1st period - Shot Misses the Net.
12:49 of 1st period - Slapshot by Stephane Robidas.
12:49 of 1st period - Stopped by Miika Kiprusoff with a rebound.
12:51 of 1st period - Slapshot by Eric Brewer.
12:51 of 1st period - Stopped by Miika Kiprusoff with a rebound.
14:35 of 1st period - Penalty to Josh Gorges is over, Josh Gorges is back on ice.
14:56 of 1st period - Matthew Lombardi is hit by Pierre-Marc Bouchard and loses puck.
15:02 of 1st period - Icing by Ladislav Smid.
15:03 of 1st period - Saku Koivu wins face-off versus Michael Ryder in Flyers zone.
15:15 of 1st period - Mike York is hit by Michael Ryder and loses puck.
15:48 of 1st period - Wrist shot by Matthew Lombardi.
15:48 of 1st period - Stopped by Miika Kiprusoff without a rebound.
15:49 of 1st period - Miroslav Satan wins face-off versus Saku Koivu in Canadiens zone.
15:54 of 1st period - Wrist shot by Miroslav Satan.
15:54 of 1st period - Stopped by Miika Kiprusoff without a rebound.
15:55 of 1st period - Saku Koivu wins face-off versus Scott Hartnell in Canadiens zone.
16:06 of 1st period - Wrist shot by Mike York.
16:06 of 1st period - Shot Blocked by Stephane Robidas.
17:32 of 1st period - Snap shot by Michael Ryder.
17:32 of 1st period - Stopped by Miika Kiprusoff with a rebound.
17:34 of 1st period - Backhand shot by Eric Brewer.
17:34 of 1st period - Shot Misses the Net.
17:36 of 1st period - Snap shot by Michael Ryder.
17:36 of 1st period - Shot Blocked by Matt Carle.
18:01 of 1st period - Cody Franson is hit by Matthew Lombardi and loses puck.
18:31 of 1st period - Snap shot by Riley Cote.
18:31 of 1st period - Shot Blocked by Ryane Clowe.
18:33 of 1st period - Wrist shot by Riley Cote.
18:33 of 1st period - Shot Misses the Net.
18:45 of 1st period - Backhand shot by Devin Setoguchi.
18:45 of 1st period - Shot Misses the Net.
18:57 of 1st period - Snap shot by Michael Ryder.
18:57 of 1st period - Stopped by Miika Kiprusoff with a rebound.
18:59 of 1st period - Slapshot by Jonathan Ericsson.
18:59 of 1st period - Stopped by Miika Kiprusoff with a rebound.
19:01 of 1st period - Snap shot by Jeff O'Neill.
19:01 of 1st period - Shot Blocked by Nicklas Lidstrom.
19:07 of 1st period - Snap shot by Michael Ryder.
19:07 of 1st period - Stopped by Miika Kiprusoff with a rebound.
19:17 of 1st period - Slapshot by Ryane Clowe.
19:17 of 1st period - Shot Misses the Net.
19:19 of 1st period - Slapshot by Jonathan Ericsson.
19:19 of 1st period - Shot Misses the Net.
19:21 of 1st period - Slapshot by Jonathan Ericsson.
19:21 of 1st period - Shot Misses the Net.
19:27 of 1st period - Snap shot by Ryane Clowe.
19:27 of 1st period - Goal by Ryane Clowe - Canadiens : 1 - Flyers : 1.
19:28 of 1st period - Jeff Carter wins face-off versus Mike Ribeiro in neutral zone.
19:53 of 1st period - Brett Clark is hit by Ladislav Smid and loses puck.
Goals for this period are 1 for Canadiens vs 1 for Flyers.
Shots for this period are 6 for Canadiens vs 15 for Flyers.
2nd period
0:01 of 2nd period - Mike Ribeiro wins face-off versus Jeff Carter in neutral zone.
0:12 of 2nd period - Snap shot by Jeff Carter.
0:12 of 2nd period - Stopped by Miika Kiprusoff with a rebound.
1:22 of 2nd period - Mike Ribeiro is hit by Matthew Lombardi and loses puck.
1:39 of 2nd period - Wrist shot by Pierre-Marc Bouchard.
1:39 of 2nd period - Stopped by Antti Niemi without a rebound.
1:40 of 2nd period - Pierre-Luc Létourneau wins face-off versus Jeff Carter in Flyers zone.
1:41 of 2nd period - Wrist shot by Michel Ouellet.
1:41 of 2nd period - Shot Misses the Net.
2:01 of 2nd period - Wrist shot by Martin St. Louis.
2:01 of 2nd period - Shot Misses the Net.
2:07 of 2nd period - Wrist shot by Martin St. Louis.
2:07 of 2nd period - Shot Misses the Net.
2:09 of 2nd period - Slapshot by Jonathan Ericsson.
2:09 of 2nd period - Shot Blocked by Michel Ouellet.
2:11 of 2nd period - Snap shot by Martin St. Louis.
2:11 of 2nd period - Goal by Martin St. Louis - Canadiens : 1 - Flyers : 2.
2:12 of 2nd period - Paul Gaustad wins face-off versus Mike Ribeiro in neutral zone.
3:02 of 2nd period - Wrist shot by Pierre-Marc Bouchard.
3:02 of 2nd period - Shot Misses the Net.
3:04 of 2nd period - Wrist shot by Michel Ouellet.
3:04 of 2nd period - Stopped by Antti Niemi without a rebound.
3:05 of 2nd period - Mike Ribeiro wins face-off versus Paul Gaustad in Flyers zone.
3:08 of 2nd period - Wrist shot by Patrick Marleau.
3:08 of 2nd period - Shot Misses the Net.
3:10 of 2nd period - Wrist shot by Patrick Marleau.
3:10 of 2nd period - Stopped by Antti Niemi with a rebound.
3:12 of 2nd period - Slapshot by Josh Gorges.
3:12 of 2nd period - Stopped by Antti Niemi without a rebound.
3:13 of 2nd period - Paul Gaustad wins face-off versus Patrick Marleau in Flyers zone.
3:13 of 2nd period - Paul Gaustad is hit by Mike Ribeiro.
3:29 of 2nd period - Wrist shot by Marek Svatos.
3:29 of 2nd period - Shot Misses the Net.
3:31 of 2nd period - Snap shot by Josh Gorges.
3:31 of 2nd period - Stopped by Antti Niemi without a rebound.
3:32 of 2nd period - Martin St. Louis wins face-off versus Saku Koivu in Flyers zone.
3:45 of 2nd period - Snap shot by Jeff Carter.
3:45 of 2nd period - Stopped by Miika Kiprusoff without a rebound.
3:46 of 2nd period - Mike Ribeiro wins face-off versus Paul Gaustad in Canadiens zone.
4:19 of 2nd period - Minor Penalty to Jeff Carter for Roughing.
4:20 of 2nd period - Martin St. Louis wins face-off versus Mike Ribeiro in Flyers zone.
4:36 of 2nd period - Snap shot by Mike Ribeiro.
4:36 of 2nd period - Shot Misses the Net.
5:24 of 2nd period - Eric Brewer is hit by Mike York and loses puck.
5:35 of 2nd period - Brett Clark is hit by Ladislav Smid and loses puck.
5:57 of 2nd period - Icing by Patrick Marleau.
5:58 of 2nd period - Jeff O'Neill wins face-off versus Mike Ribeiro in Canadiens zone.
6:19 of 2nd period - Penalty to Jeff Carter is over, Jeff Carter is back on ice.
6:44 of 2nd period - Slapshot by Paul Gaustad.
6:44 of 2nd period - Shot Blocked by Michel Ouellet.
6:46 of 2nd period - Snap shot by Paul Gaustad.
6:46 of 2nd period - Shot Blocked by Nicklas Lidstrom.
7:26 of 2nd period - Off-side.
7:27 of 2nd period - Jeff Carter wins face-off versus Saku Koivu in neutral zone.
7:38 of 2nd period - Snap shot by Martin St. Louis.
7:38 of 2nd period - Stopped by Miika Kiprusoff with a rebound.
7:40 of 2nd period - Snap shot by Jeff Carter.
7:40 of 2nd period - Goal by Jeff Carter - Canadiens : 1 - Flyers : 3.
7:41 of 2nd period - Marek Svatos wins face-off versus Jeff Carter in neutral zone.
7:46 of 2nd period - Snap shot by Marek Svatos.
7:46 of 2nd period - Stopped by Antti Niemi with a rebound.
8:11 of 2nd period - Slapshot by Scott Hartnell.
8:11 of 2nd period - Shot Blocked by Brett Clark.
9:15 of 2nd period - Wrist shot by Marek Svatos.
9:15 of 2nd period - Stopped by Antti Niemi without a rebound.
9:16 of 2nd period - Matthew Lombardi wins face-off versus Mike Ribeiro in Flyers zone.
9:16 of 2nd period - Matthew Lombardi is hit by Marek Svatos.
9:30 of 2nd period - Wrist shot by Stephane Robidas.
9:30 of 2nd period - Stopped by Miika Kiprusoff without a rebound.
9:31 of 2nd period - Saku Koivu wins face-off versus Jeff Carter in Canadiens zone.
9:56 of 2nd period - Patrick Marleau is hit by Paul Gaustad and loses puck.
10:17 of 2nd period - Wrist shot by Pierre-Marc Bouchard.
10:17 of 2nd period - Deflect By Pierre-Luc Létourneau.
10:17 of 2nd period - Deflect By Jonathan Ericsson.
10:17 of 2nd period - Shot Misses the Net.
10:17 of 2nd period - Puck is out of play.
10:18 of 2nd period - Jeff O'Neill wins face-off versus Pierre-Marc Bouchard in Flyers zone.
10:29 of 2nd period - Snap shot by Michael Ryder.
10:29 of 2nd period - Stopped by Miika Kiprusoff without a rebound.
10:30 of 2nd period - Jeff Carter wins face-off versus Mike Ribeiro in Canadiens zone.
10:55 of 2nd period - Dennis Wideman is hit by Scott Hartnell and loses puck.
11:04 of 2nd period - Slapshot by Radim Vrbata.
11:04 of 2nd period - Stopped by Antti Niemi without a rebound.
11:05 of 2nd period - Mike Ribeiro wins face-off versus Paul Gaustad in Flyers zone.
11:14 of 2nd period - Slapshot by Stephane Robidas.
11:14 of 2nd period - Stopped by Miika Kiprusoff without a rebound.
11:15 of 2nd period - Mike Ribeiro wins face-off versus Paul Gaustad in Canadiens zone.
11:38 of 2nd period - Wrist shot by Scott Hartnell.
11:38 of 2nd period - Stopped by Miika Kiprusoff without a rebound.
11:39 of 2nd period - Saku Koivu wins face-off versus Jeff Carter in Canadiens zone.
12:06 of 2nd period - Josh Gorges is hit by Michael Ryder and loses puck.
12:49 of 2nd period - Snap shot by Matthew Lombardi.
12:49 of 2nd period - Shot Blocked by Brett Clark.
12:51 of 2nd period - Slapshot by Jonathan Ericsson.
12:51 of 2nd period - Shot Misses the Net.
13:33 of 2nd period - Radim Vrbata is hit by Jeff O'Neill.
14:03 of 2nd period - Minor Penalty to Matthew Lombardi for Holding.
14:04 of 2nd period - Mike Ribeiro wins face-off versus Martin St. Louis in Flyers zone.
14:08 of 2nd period - Snap shot by Marek Svatos.
14:08 of 2nd period - Shot Misses the Net.
14:10 of 2nd period - Wrist shot by Patrick Marleau.
14:10 of 2nd period - Stopped by Antti Niemi with a rebound.
14:12 of 2nd period - Slapshot by Marek Svatos.
14:12 of 2nd period - Shot Blocked by Derek Boogaard.
14:14 of 2nd period - Snap shot by Marek Svatos.
14:14 of 2nd period - Goal by Marek Svatos - Canadiens : 2 - Flyers : 3.
14:15 of 2nd period - Mike Ribeiro wins face-off versus Martin St. Louis in neutral zone.
14:42 of 2nd period - Miroslav Satan is hit by Radim Vrbata and loses puck.
14:50 of 2nd period - Minor Penalty to Paul Gaustad for Holding.
14:51 of 2nd period - Martin St. Louis wins face-off versus Marek Svatos in Flyers zone.
14:55 of 2nd period - Mike Ribeiro is hit by Matthew Lombardi and loses puck.
16:50 of 2nd period - Penalty to Paul Gaustad is over, Paul Gaustad is back on ice.
17:25 of 2nd period - Backhand shot by Devin Setoguchi.
17:25 of 2nd period - Stopped by Antti Niemi without a rebound.
17:26 of 2nd period - Pierre-Marc Bouchard wins face-off versus Jeff O'Neill in Flyers zone.
17:31 of 2nd period - Wrist shot by Pierre-Marc Bouchard.
17:31 of 2nd period - Stopped by Antti Niemi with a rebound.
17:37 of 2nd period - Michel Ouellet is hit by Eric Brewer and loses puck.
18:19 of 2nd period - Snap shot by Marek Svatos.
18:19 of 2nd period - Stopped by Antti Niemi with a rebound.
18:22 of 2nd period - Icing by Paul Gaustad.
18:23 of 2nd period - Paul Gaustad wins face-off versus Saku Koivu in Flyers zone.
18:23 of 2nd period - Paul Gaustad is hit by Brett Clark.
18:29 of 2nd period - Wrist shot by Miroslav Satan.
18:29 of 2nd period - Shot Blocked by Brett Clark.
18:31 of 2nd period - Snap shot by Scott Hartnell.
18:31 of 2nd period - Stopped by Miika Kiprusoff without a rebound.
18:32 of 2nd period - Saku Koivu wins face-off versus Jeff Carter in Canadiens zone.
18:42 of 2nd period - Off-side.
18:43 of 2nd period - Jeff Carter wins face-off versus Mike Ribeiro in neutral zone.
18:56 of 2nd period - Dennis Wideman is hit by Derek Boogaard and loses puck.
19:00 of 2nd period - Derek Boogaard beats up Brett Clark.
19:00 of 2nd period - Penalty to Derek Boogaard for Fighting.
19:00 of 2nd period - Penalty to Brett Clark for Fighting.
19:01 of 2nd period - Jeff Carter wins face-off versus Mike Ribeiro in neutral zone.
19:06 of 2nd period - Dennis Wideman is hit by Ladislav Smid and loses puck.
19:32 of 2nd period - Slapshot by Stephane Robidas.
19:32 of 2nd period - Shot Blocked by Radim Vrbata.
19:38 of 2nd period - Slapshot by Dennis Wideman.
19:38 of 2nd period - Shot Hit the Post.
19:59 of 2nd period - Pierre-Luc Létourneau is hit by Petr Schastlivy.
Goals for this period are 1 for Canadiens vs 2 for Flyers.
Shots for this period are 13 for Canadiens vs 10 for Flyers.
3rd period
0:01 of 3rd period - Mike Ribeiro wins face-off versus Jeff Carter in neutral zone.
0:12 of 3rd period - Slapshot by Marek Svatos.
0:12 of 3rd period - Shot Misses the Net.
0:26 of 3rd period - Ryane Clowe is hit by Mike York and loses puck.
0:31 of 3rd period - Snap shot by Saku Koivu.
0:31 of 3rd period - Stopped by Antti Niemi without a rebound.
0:32 of 3rd period - Jeff Carter wins face-off versus Saku Koivu in Flyers zone.
0:37 of 3rd period - Mike York is hit by Martin St. Louis and loses puck.
0:44 of 3rd period - Wrist shot by Martin St. Louis.
0:44 of 3rd period - Shot Misses the Net.
0:46 of 3rd period - Snap shot by Paul Gaustad.
0:46 of 3rd period - Shot Blocked by Josh Gorges.
1:41 of 3rd period - Slapshot by Devin Setoguchi.
1:41 of 3rd period - Deflect By Martin St. Louis.
1:41 of 3rd period - Shot Misses the Net.
1:41 of 3rd period - Puck is out of play.
1:42 of 3rd period - Jeff Carter wins face-off versus Jamie Lundmark in Flyers zone.
2:15 of 3rd period - Wrist shot by Matthew Lombardi.
2:15 of 3rd period - Shot Misses the Net.
2:17 of 3rd period - Wrist shot by Matthew Lombardi.
2:17 of 3rd period - Shot Blocked by Jamie Lundmark.
2:19 of 3rd period - Wrist shot by Pascal Dupuis.
2:19 of 3rd period - Stopped by Miika Kiprusoff without a rebound.
2:20 of 3rd period - Jeff Carter wins face-off versus Mike Ribeiro in Canadiens zone.
2:29 of 3rd period - Snap shot by Martin St. Louis.
2:29 of 3rd period - Stopped by Miika Kiprusoff with a rebound.
2:45 of 3rd period - Ladislav Smid is hit by Nicklas Lidstrom and loses puck.
2:50 of 3rd period - Wrist shot by Radim Vrbata.
2:50 of 3rd period - Shot Misses the Net.
3:03 of 3rd period - Icing by Ryane Clowe.
3:04 of 3rd period - Pierre-Marc Bouchard wins face-off versus Matthew Lombardi in Flyers zone.
3:29 of 3rd period - Jonathan Ericsson is hit by Patrick Marleau.
3:51 of 3rd period - Wrist shot by Patrick Marleau.
3:51 of 3rd period - Stopped by Antti Niemi without a rebound.
3:52 of 3rd period - Saku Koivu wins face-off versus Jeff Carter in Flyers zone.
3:55 of 3rd period - Snap shot by Saku Koivu.
3:55 of 3rd period - Stopped by Antti Niemi without a rebound.
3:56 of 3rd period - Saku Koivu wins face-off versus Paul Gaustad in Flyers zone.
4:05 of 3rd period - Snap shot by Jeff Carter.
4:05 of 3rd period - Shot Misses the Net.
4:07 of 3rd period - Wrist shot by Martin St. Louis.
4:07 of 3rd period - Stopped by Miika Kiprusoff with a rebound.
4:09 of 3rd period - Wrist shot by Ladislav Smid.
4:09 of 3rd period - Stopped by Miika Kiprusoff without a rebound.
4:10 of 3rd period - Jeff Carter wins face-off versus Mike Ribeiro in Canadiens zone.
4:57 of 3rd period - Slapshot by Jeff O'Neill.
4:57 of 3rd period - Shot Misses the Net.
4:59 of 3rd period - Slapshot by Jonathan Ericsson.
4:59 of 3rd period - Deflect By Ryane Clowe.
4:59 of 3rd period - Shot Misses the Net.
4:59 of 3rd period - Puck is out of play.
5:00 of 3rd period - Jeff O'Neill wins face-off versus Pierre-Marc Bouchard in Canadiens zone.
5:26 of 3rd period - Jeff O'Neill is hit by Brett Clark and loses puck.
5:31 of 3rd period - Wrist shot by Michel Ouellet.
5:31 of 3rd period - Stopped by Antti Niemi with a rebound.
5:37 of 3rd period - Slapshot by Michel Ouellet.
5:37 of 3rd period - Shot Misses the Net.
5:57 of 3rd period - Stephane Robidas is hit by Cody Franson and loses puck.
6:34 of 3rd period - Wrist shot by Michel Ouellet.
6:34 of 3rd period - Deflect By Ryane Clowe.
6:34 of 3rd period - Shot Misses the Net.
6:34 of 3rd period - Puck is out of play.
6:35 of 3rd period - Jeff Carter wins face-off versus Mike Ribeiro in Flyers zone.
6:40 of 3rd period - Snap shot by Martin St. Louis.
6:40 of 3rd period - Shot Blocked by Dennis Wideman.
7:59 of 3rd period - Slapshot by Jamie Lundmark.
7:59 of 3rd period - Shot Blocked by Trevor Daley.
8:01 of 3rd period - Wrist shot by Jamie Lundmark.
8:01 of 3rd period - Stopped by Antti Niemi with a rebound.
8:03 of 3rd period - Wrist shot by Jamie Lundmark.
8:03 of 3rd period - Stopped by Antti Niemi with a rebound.
8:05 of 3rd period - Wrist shot by Devin Setoguchi.
8:05 of 3rd period - Stopped by Antti Niemi without a rebound.
8:06 of 3rd period - Mike Ribeiro wins face-off versus Matthew Lombardi in Flyers zone.
8:13 of 3rd period - Snap shot by Marek Svatos.
8:13 of 3rd period - Shot Misses the Net.
9:19 of 3rd period - Dennis Wideman is hit by Jonathan Ericsson and loses puck.
9:32 of 3rd period - Martin St. Louis is hit by Dennis Wideman and loses puck.
9:41 of 3rd period - Slapshot by Saku Koivu.
9:41 of 3rd period - Shot Misses the Net.
9:43 of 3rd period - Wrist shot by Mike York.
9:43 of 3rd period - Stopped by Antti Niemi without a rebound.
9:44 of 3rd period - Paul Gaustad wins face-off versus Michel Ouellet in Flyers zone.
9:53 of 3rd period - Slapshot by Scott Hartnell.
9:53 of 3rd period - Shot Hit the Post.
10:11 of 3rd period - Saku Koivu is hit by Jonathan Ericsson and loses puck.
10:20 of 3rd period - Wrist shot by Jeff Carter.
10:20 of 3rd period - Deflect By Derek Boogaard.
10:20 of 3rd period - Shot Blocked by Cody Franson.
10:20 of 3rd period - Puck is out of play.
10:21 of 3rd period - Mike Ribeiro wins face-off versus Jeff O'Neill in Canadiens zone.
10:53 of 3rd period - Jeff O'Neill is hit by Marek Svatos and loses puck.
11:44 of 3rd period - Slapshot by Marek Svatos.
11:44 of 3rd period - Shot Blocked by Ladislav Smid.
11:50 of 3rd period - Wrist shot by Marek Svatos.
11:50 of 3rd period - Deflect By Mike Ribeiro.
11:50 of 3rd period - Shot Blocked by Ladislav Smid.
11:50 of 3rd period - Puck is out of play.
11:51 of 3rd period - Saku Koivu wins face-off versus Jeff Carter in Flyers zone.
11:58 of 3rd period - Snap shot by Mike York.
11:58 of 3rd period - Shot Misses the Net.
12:12 of 3rd period - Minor Penalty to Mike York for Roughing.
12:13 of 3rd period - Jeff Carter wins face-off versus Saku Koivu in Canadiens zone.
12:14 of 3rd period - Snap shot by Martin St. Louis.
12:14 of 3rd period - Deflect By Jeff Carter.
12:14 of 3rd period - Shot Misses the Net.
12:14 of 3rd period - Puck is out of play.
12:15 of 3rd period - Jeff Carter wins face-off versus Saku Koivu in Canadiens zone.
12:24 of 3rd period - Slapshot by Scott Hartnell.
12:24 of 3rd period - Deflect By Jeff Carter.
12:24 of 3rd period - Shot Misses the Net.
12:24 of 3rd period - Puck is out of play.
12:25 of 3rd period - Patrick Marleau wins face-off versus Jeff Carter in Canadiens zone.
14:12 of 3rd period - Penalty to Mike York is over, Mike York is back on ice.
14:26 of 3rd period - Pascal Dupuis is hit by Matt Carle.
15:14 of 3rd period - Slapshot by Dennis Wideman.
15:14 of 3rd period - Stopped by Antti Niemi without a rebound.
15:15 of 3rd period - Saku Koivu wins face-off versus Paul Gaustad in Flyers zone.
15:16 of 3rd period - Snap shot by Mike York.
15:16 of 3rd period - Shot Hit the Post.
15:40 of 3rd period - Dennis Wideman is hit by Eric Brewer and loses puck.
16:01 of 3rd period - Slapshot by Jamie Lundmark.
16:01 of 3rd period - Shot Misses the Net.
16:20 of 3rd period - Wrist shot by Mike York.
16:20 of 3rd period - Shot Misses the Net.
17:18 of 3rd period - Cody Franson is hit by Jeff O'Neill and loses puck.
18:32 of 3rd period - Patrick Marleau is hit by Ryane Clowe and loses puck.
18:45 of 3rd period - Matt Carle is hit by Derek Boogaard and loses puck.
18:58 of 3rd period - Pascal Dupuis is hit by Josh Gorges and loses puck.
19:32 of 3rd period - Canadiens, Miika Kiprusoff is pulled from the net.
Goals for this period are 0 for Canadiens vs 0 for Flyers.
Shots for this period are 9 for Canadiens vs 4 for Flyers.
Output by the SimonT Hockey Simulator (STHS) for François Prévost -- Original Page W3C XHTML 1.0 Valid